 Dungeon Crawl Stone Soup version 0.27-a0-1136-g0b992a5a9d (webtiles) character file.

Game seed: 18054431600885045044

51 Zeld the Skirmisher (level 3, -1/26 HPs)
             Began as an Octopode Fighter on May 4, 2021.
             Slain by a goblin
             ... wielding a +0 club
             ... led by Robin
              (2 damage)
             ... on level 2 of the Dungeon.
             The game lasted 00:02:16 (2521 turns).

Zeld the Skirmisher (Octopode Fighter)              Turns: 2521, Time: 00:02:17

Health: -1/26      AC:  1    Str: 16    XL:     3   Next: 83%
Magic:  3/3        EV: 11    Int: 10    God:
Gold:   54         SH:  9    Dex: 11    Spells: 2/2 levels left

rFire    . . .     SeeInvis .   a - +0 war axe
rCold    . . .     Faith    .   b - +0 kite shield
rNeg     . . .     Spirit   .   (helmet restricted)
rPois    .         Reflect  .   (no amulet)
rElec    .         Harm     .   (no ring)
rCorr    .         Rampage  .   (no ring)
Will     .....                  (no ring)
Stlth    ++........             (no ring)
HPRegen  0.08/turn              (no ring)
MPRegen  0.08/turn              (no ring)
                                (no ring)
                                (no ring)

@: no status effects
A: almost no armour, amphibious, 8 rings, camouflage 1, gelatinous body 1,
(nimble swimmer 1), tentacles
a: no special abilities


You were on level 2 of the Dungeon.
You visited 1 branch of the dungeon, and saw 2 of its levels.

You collected 54 gold pieces.

Inventory:

Hand Weapons
 a - a +0 war axe (weapon)
Armour
 b - a +0 kite shield (worn)
Scrolls
 f - a scroll of magic mapping {unknown}
Potions
 c - a potion of might
 d - 2 potions of berserk rage {unknown}
 e - a potion of brilliance {unknown}
 g - a potion of resistance {unknown}
 h - a potion of heal wounds {unknown}


   Skills:
 * Level 3.6 Fighting
 * Level 2.8 Axes
 - Level 3.0 Dodging
 * Level 3.5 Shields


You had 2 spell levels left.
You didn't know any spells.
Your spell library was empty.

Dungeon Overview and Level Annotations

Branches:
Dungeon (2/15)

Altars:


Innate Abilities, Weirdness & Mutations

You cannot wear most types of armour.
You are amphibious.
You can wear up to eight rings at the same time.
Your skin changes colour to match your surroundings (Stealth+).
Your rubbery body absorbs attacks. (AC +1, EV +1)
((You are camouflaged near water. (Stealth+)))
You have tentacles for arms and can constrict up to eight enemies at once.


Message History

The frilled lizard misses you.
Unknown command.
You closely miss the frilled lizard. You grab the frilled lizard.
You constrict the frilled lizard.
You kill the frilled lizard!
The goblin shoots a stone.
The stone closely misses you.
The goblin shoots a stone.
The stone hits you.
The goblin shoots a stone.
The stone hits you but does no damage.
The goblin shoots a stone.
The stone barely misses you. You block the goblin's attack.
You see here a +0 dagger of holy wrath.
The goblin hits you with a +0 club.
The goblin shoots a stone.
You block the stone.
There is a stone staircase leading up here.
You hit the goblin. You grab the goblin.
The goblin is heavily wounded.
You constrict the goblin.
You kill the goblin!
The goblin shoots a stone.
The stone hits you.
The goblin shoots a stone.
The stone barely misses you.
Things that are here:
a +0 club; a goblin corpse You are too injured to fight recklessly!
You barely miss the goblin. Your grab misses the goblin.
The goblin hits you with a +0 dagger.
* * * LOW HITPOINT WARNING * * *
The goblin unwields a +0 hunting sling.
The goblin wields a +0 club.
The goblin hits you with a +0 club.
* * * LOW HITPOINT WARNING * * *
You closely miss the goblin. You grab the goblin. You hit the goblin.
You kill the goblin!
You constrict the goblin. The goblin hits you with a +0 dagger.
* * * LOW HITPOINT WARNING * * *
The goblin barely misses you. The goblin hits you with a +0 dagger.
* * * LOW HITPOINT WARNING * * *
You are too injured to fight recklessly!
You hit the goblin.
You kill the goblin!
You hit the goblin. The goblin hits you with a +0 club.
You die...

.#####......+
.............#
#.#######....#
#^#
##.#####.##
#.#
#..........
#.#
#..#####...
#.# #..# #.#
#g)# #.# #.@#
#.# #.<#
#.######.##
#........#
##########


You could see a goblin.

Vanquished Creatures
  An adder (D:2)
  A worm (D:2)
  2 dart slugs (D:1)
  An endoplasm (D:1)
  3 giant cockroaches
  3 hobgoblins
  3 jackals (D:1)
  A quokka (D:1)
  2 bats
  A frilled lizard (D:2)
  8 goblins
  3 kobolds
  6 rats
35 creatures vanquished.

Notes
Turn   | Place    | Note
-------+----------+-------------------------------------------
     0 | D:1      | Zeld the Octopode Fighter began the quest for the Orb.
     0 | D:1      | Reached XP level 1. HP: 16/16 MP: 1/1
   325 | D:1      | Reached XP level 2. HP: 19/21 MP: 2/2
  1013 | D:1      | Found a faded altar of an unknown god.
  1242 | D:1      | Reached XP level 3. HP: 26/26 MP: 3/3
  1982 | D:1      | Found a faded altar of an unknown god.
  2520 | D:2      | HP: 1/26 [goblin/+0 dagger[Robin] (3)]
  2521 | D:2      | Slain by a goblin

Illustrated notes

Levels and vault maps discovered:
D:1:      scummos_arrival_simple_fountains, layout_basic,
          shapermc_ecumenical_altar_venn, feat_on_display
D:2:      layout_basic, minmay_shallow_snake_nest, uniq_robin

Action                   || total
-------------------------++-------
Melee: War axe           ||    64
       Constrict         ||    16
       Tentacles         ||     6
 Stab: Sleeping          ||    13
       Distracted        ||     1
Armor: Skin              ||     6
Dodge: Dodged            ||    37
Block: Kite shield       ||    26

Table legend: (Time is in decaauts)
 A = Elapsed time spent in this place.
 B = Non-inter-level travel time spent in this place.
 C = Inter-level travel time spent in this place.
 D = Time resting spent in this place.
 E = Time spent auto-exploring this place.
 F = Levels seen in this place.
 G = Mean time per level.
                   A        B        C        D        E       F      G
               +--------+--------+--------+--------+--------+-----+--------+
         Total |   2558 |   2517 |     41 |      0 |   2209 |   2 | 1279.0 |
       Dungeon |   2558 |   2517 |     41 |      0 |   2209 |   2 | 1279.0 |
               +--------+--------+--------+--------+--------+-----+--------+

Top non-repeatable levels by time:
     D:1: 2246 daAuts
     D:2: 311 daAuts
